 Dungeon Crawl Stone Soup version 0.24.0-13-gcf9b3192b9 (webtiles) character file.

Game seed: 10274018788182618660, levelgen mode: deterministic

166497 Thantalas the Blocker (level 17, -2/204 HPs)
             Began as a Gnoll Fighter on Nov 8, 2019.
             Was the Champion of Cheibriados.
             Slain by Polyphemus (4 damage)
             ... on level 2 of the Shoals on Nov 9, 2019.
             The game lasted 01:13:29 (28380 turns).

Thantalas the Blocker (Gnoll Fighter)              Turns: 28380, Time: 01:13:29

Health: -2/204     AC: 28    Str: 38    XL:     17   Next: 90%
Magic:  9/35       EV:  2    Int: 36    God:    Cheibriados [******]
Gold:   670        SH: 20    Dex: 32    Spells: 22/39 levels left

rFire    . . .     SeeInvis .   a - +6 demon blade (elec)
rCold    + . .     Gourm    .   M - +1 shield
rNeg     + + +     Faith    .   (armour currently unavailable)
rPois    +         Spirit   .   (helmet currently unavailable)
rElec    .         Reflect  +   (cloak currently unavailable)
rCorr    .         Harm     .   (gloves currently unavailable)
MR       +....     NoTele   +   (boots currently unavailable)
Stlth    ++++++....             p - +2 amulet of reflection
HPRegen  0.44/turn              l - ring of New Discoveries {+Fly rPois rC+ Int+7 Dex+3}
MPRegen  0.24/turn              E - +2 ring of evasion

@: tree-form, very slow
A: distributed training, high mp 1, mutation resistance 1, strong nose
a: Bend Time, Temporal Distortion, Slouch, Step From Time, Renounce Religion


You were on level 2 of the Shoals.
You worshipped Cheibriados.
Cheibriados was exalted by your worship.
You were not hungry.
You were a tree.
You visited 6 branches of the dungeon, and saw 29 of its levels.

You collected 2838 gold pieces.
You spent 2168 gold pieces at shops.

Inventory:

Hand Weapons
 a - a +6 demon blade of electrocution (weapon)
   (You bought it in a shop on level 12 of the Dungeon)
Missiles
 e - 4 silver javelins (quivered)
 m - 3 throwing nets {!f}
 Q - 17 javelins
Armour
 g - a +0 cloak of invisibility (melded)
   (You took it off Crazy Yiuf on level 6 of the Dungeon)
 j - a +0 pair of boots (melded)
   (You found it on level 9 of the Dungeon)
 y - the +1 plate armour of Maima {+Inv rC- rN+ Stlth+}
   (You found it on level 10 of the Dungeon)

   It makes you vulnerable to cold.
   It protects you from negative energy.
   It lets you turn invisible.
   It makes you more stealthy.
 D - the +4 skin of Zhor (melded) {Hibernate rC+++ SInv}
   (You bought it in a shop on level 12 of the Dungeon)

   It renders you almost immune to cold.
   It lets you see invisible.
 I - a +2 hat (melded)
   (You found it on level 3 of the Lair of Beasts)
 K - the +0 pair of gloves "Tecixuopp" (melded) {rF++ MR+ Int-5}
   (You found it on level 4 of the Lair of Beasts)

   It affects your intelligence (-5).
   It greatly protects you from fire.
   It affects your resistance to hostile enchantments.
 M - a +1 shield (worn)
Magical Staves
 G - an uncursed staff of poison
   (You found it on level 1 of the Spider Nest)
Jewellery
 l - the ring of New Discoveries (left branch) {+Fly rPois rC+ Int+7 Dex+3}
   (You found it on level 7 of the Dungeon)

   [ring of dexterity]

   It affects your intelligence (+7).
   It affects your dexterity (+3).
   It protects you from cold.
   It protects you from poison.
   It lets you fly.
 o - an uncursed ring of protection from cold
   (You found it on level 3 of the Spider Nest)
 p - a +2 amulet of reflection (around neck)
   (You found it on level 5 of the Dungeon)
 E - a +2 ring of evasion (right branch)
   (You found it on level 1 of the Lair of Beasts)
 R - an uncursed amulet of faith {!P}
   (You found it on level 1 of the Shoals)
Wands
 c - a wand of disintegration (27)
   (You found it on level 6 of the Lair of Beasts)
 d - a wand of iceblast (18)
   (You found it on level 14 of the Dungeon)
 t - a wand of flame (60)
   (You took it off Pikel on level 7 of the Dungeon)
 u - a wand of paralysis (9)
   (You found it on level 1 of the Lair of Beasts)
 J - a wand of clouds (3)
   (You found it on level 2 of the Spider Nest)
Scrolls
 b - 4 scrolls of identify {@r1}
 h - 11 scrolls of remove curse {@r2}
 i - 2 scrolls of magic mapping
 k - 15 scrolls of teleportation {@r4}
 r - 7 scrolls of enchant armour
 s - a scroll of blinking
 w - a scroll of fear
 H - 3 scrolls of amnesia
 L - 4 scrolls of fog
 O - a scroll of summoning
Potions
 n - a potion of resistance
 q - 4 potions of curing {@q1}
 v - 2 potions of flight
 x - 2 potions of lignification {!q}
 z - 2 potions of brilliance
 A - 3 potions of might
 B - 6 potions of mutation {!q}
 C - 2 potions of invisibility
 F - a potion of cancellation
 N - a potion of agility
 P - 2 potions of magic
Comestibles
 f - 47 rations {!d}
 S - 10 chunks of flesh


   Skills:
 + Level 13.1 Fighting
 + Level 11.6 Short Blades
 + Level 11.6 Long Blades
 + Level 11.6 Axes
 + Level 11.6 Maces & Flails
 + Level 12.4 Polearms
 + Level 11.6 Staves
 + Level 11.6 Slings
 + Level 11.6 Bows
 + Level 11.6 Crossbows
 + Level 11.6 Throwing
 + Level 13.1 Armour
 + Level 11.6 Dodging
 + Level 11.6 Stealth
 + Level 13.1 Shields
 + Level 11.6 Unarmed Combat
 + Level 11.6 Spellcasting
 + Level 10.0 Conjurations
 + Level 10.0 Hexes
 + Level 10.0 Charms
 + Level 10.0 Summonings
 + Level 10.0 Necromancy
 + Level 10.0 Translocations
 + Level 10.0 Transmutations
 + Level 10.0 Fire Magic
 + Level 10.0 Ice Magic
 + Level 10.0 Air Magic
 + Level 10.0 Earth Magic
 + Level 10.0 Poison Magic
 + Level 12.6 Invocations
 + Level 11.6 Evocations


You had 22 spell levels left.
You knew the following spells:

 Your Spells              Type           Power        Failure   Level  Hunger
b - Blink                 Tloc           N/A          1%          2    None
A - Borgnjor's Vile Clut  Necr/Erth      #######...   1%          5    None
B - Mephitic Cloud        Conj/Pois/Air  #######.     1%          3    None
C - Olgreb's Toxic Radia  Pois           #######.     1%          4    None
K - Conjure Flame         Conj/Fire      #######.     1%          3    None

Your spell library contained the following spells:

 Spells                   Type           Power        Failure   Level  Hunger
 Beastly Appendage        Tmut           ######       1%          1    None
 Confusing Touch          Hex            ######       1%          1    None
 Corona                   Hex            #######      1%          1    None
 Magic Dart               Conj           ####         1%          1    None
 Sandblast                Erth           ######       1%          1    None
 Sting                    Conj/Pois      ####         1%          1    None
 Call Imp                 Summ           #######.     1%          2    None
 Ensorcelled Hibernation  Hex/Ice        ######       1%          2    None
 Passwall                 Tmut/Erth      #######.     1%          2    None
 Poisonous Vapours        Pois/Air       ######       1%          2    None
 Slow                     Hex            #######.     1%          2    None
 Sticks to Snakes         Tmut           #######.     1%          2    None
 Confuse                  Hex            #######.     1%          3    None
 Dazzling Spray           Conj/Hex       ######       1%          3    None
 Gell's Gravitas          Tloc           #######...   1%          3    None
 Recall                   Summ/Tloc      N/A          1%          3    None
 Spider Form              Tmut/Pois      #######...   1%          3    None
 Stone Arrow              Conj/Erth      ######       1%          3    None
 Tukima's Dance           Hex            #######.     1%          3    None
 Animate Dead             Necr           N/A          1%          4    None
 Ice Form                 Ice/Tmut       #######.     1%          4    None
 Petrify                  Tmut/Erth      #######.     1%          4    None
 Blade Hands              Tmut           #######...   1%          5    None
 Lee's Rapid Deconstruct  Erth           #######...   1%          5    None
 Metabolic Englaciation   Hex/Ice        #######...   1%          5    None
 Venom Bolt               Conj/Pois      #######...   1%          5    None
 Yara's Violent Unravell  Hex/Tmut       #######...   1%          5    None
 Death Channel            Necr           #######...   6%          6    ####...
 Simulacrum               Ice/Necr       #######...   6%          6    ####...


Dungeon Overview and Level Annotations

Branches:
Dungeon (15/15)            Temple (1/1) D:4            Lair (6/6) D:11
 Shoals (2/4) Lair:3       Spider (3/4) Lair:3        Slime (0/5) Lair:5
    Orc (2/2) D:10            Elf (0/3) Orc:2        Vaults (0/5) D:14
 Depths (0/5) D:15

Altars:
Ashenzari
Cheibriados
Dithmenos
Elyvilon
Fedhas
Gozag
Hepliaklqana
Kikubaaqudgha
Makhleb
Nemelex Xobeh
Okawaru
Qazlal
Ru
Sif Muna
Trog
Uskayaw
Vehumet
Wu Jian
Xom
Yredelemnul
Zin
The Shining One
Jiyva

Shops:
D:12 ?(%[(   Orc:1 [   Orc:2 }(%%   Shoals:1 (

Portals:
Pandemonium: Orc:2

Annotations:
D:12 exclusion: oklob plant
Lair:3 exclusion: 4 oklob plants
Shoals:2 Polyphemus


Innate Abilities, Weirdness & Mutations

Your experience applies equally to all skills.
((You have very sharp teeth.))
Your uncanny sense of smell can sniff out nearby items.
You have an increased reservoir of magic. (+10% MP)
You are somewhat resistant to further mutation.


Message History

The zombie hands constrict the merfolk aquamancer!
You hear a screech! x3
You block the sea snake's attack.
The sea snake is engulfed in noxious fumes.
The sea snake appears confused.
The sea snake bites the merfolk aquamancer.
The merfolk aquamancer is killed!
Cheibriados appreciates the change of pace.
You hear a splash. x2
The merfolk hits you but does no damage.
The death yak is engulfed in noxious fumes.
The death yak appears confused.
The death yak struggles to escape constriction.
A hippogriff comes into view.
Polyphemus is engulfed in noxious fumes.
Polyphemus hits you!!
* * * LOW HITPOINT WARNING * * *
You block Polyphemus's attack.
You slice the sea snake!!
The zombie hands constrict Polyphemus.
The zombie hands constrict the death yak!
The zombie hands constrict the plant!
The sea snake bites you but does no damage.
The sea snake is engulfed in noxious fumes.
The sea snake appears confused.
The death yak is engulfed in noxious fumes.
The death yak escapes!
You block the merfolk's attack.
The sea snake is engulfed in noxious fumes.
The sea snake bites the death yak.
The death yak looks as sick as possible!
The sea snake poisons the death yak!
Polyphemus is engulfed in noxious fumes.
Polyphemus hits you!
* * * LOW HITPOINT WARNING * * *
Polyphemus hits you but does no damage.
Okay, then.
Unknown command.
You can feel time thicken for a moment.
You kill the sea snake!
Cheibriados thoroughly appreciates the change of pace.
You kill the merfolk!
Cheibriados thoroughly appreciates the change of pace.
You hear a splash.
You feel somewhat more hungry.
The zombie hands constrict Polyphemus!!
The zombie hands constrict the plant!
The sea snake bites you but does no damage.
A merfolk comes into view. It is wielding a +0 trident.
The sea snake bites you but does no damage.
Polyphemus is engulfed in noxious fumes.
Polyphemus hits you.
You die...

.. .. ∆.. ≈..
##.###.....≈≈≈≈≈≈≈ ≈..
##.........m≈..≈≈≈≈
≈..###...........P≈≈≈(≈≈
≈..............P≈≈$≈≈≈..
≈≈≈..≈≈≈≈≈....≈P≈≈≈$≈.##
≈≈≈≈≈≈≈≈≈≈?≈≈≈P≈)≈c≈≈..#
≈≈≈≈≈≈÷≈≈≈≈≈≈≈≈P☼C°≈≈...
≈≈≈≈≈≈....##≈≈≈S♣†○≈P≈≈.
≈≈≈≈≈≈...#####≈≈☼☼☼≈P≈≈≈
≈≈≈≈≈≈.....##=≈≈≈Y≈≈≈≈≈≈
≈≈≈≈≈.....)#.≈≈≈≈≈≈≈≈≈≈≈
≈≈≈≈.........≈≈≈≈≈≈≈≈≈≈≈
≈≈.....(.÷<..≈≈≈P≈≈≈≈≈H≈
.........>..≈≈≈≈≈≈≈≈≈≈≈≈
.....≈...>..≈≈≈≈≈≈≈≈≈≈≈≈
............≈≈≈≈≈≈≈≈≈≈≈


You could see Polyphemus, a death yak (confused), a sea snake, a merfolk, a faun
and a hippogriff.

Vanquished Creatures
  Arachne (Spider:3)
  A kraken (Shoals:1)
  Agnes (Spider:3)
  An emperor scorpion (Spider:1)
  A ghost moth (Spider:1)
  An orc warlord (Orc:2)
  A stone giant (Orc:1)
  An ironheart preserver (D:14)
  4 entropy weavers
  A dire elephant (Lair:6)
  A spark wasp (Spider:3)
  Josephine (D:12)
  Harold (D:7)
  A fire dragon (Lair:6)
  A yaktaur captain (D:15)
  A merfolk javelineer (Shoals:1)
  Fannar (D:11)
  6 hydras
  3 centaur warriors
  3 catoblepae
  A death knight (D:15)
  A merfolk aquamancer (Shoals:2)
  11 two-headed ogres
  2 ogre magi (D:14)
  5 death yaks
  2 tengu warriors (D:14)
  Urug (D:12)
  4 orc high priests (Orc:2)
  A soul eater (Orc:2)
  A fire crab (shapeshifter) (D:13)
  A torturous demonspawn (Orc:2)
  6 sea snakes
  2 unseen horrors
  A deep troll (D:15)
  A swamp dragon (Lair:6)
  2 gelid demonspawn (Orc:2)
  A lindwurm (Lair:6)
  A deep elf archer (D:15)
  5 orc knights
  11 harpies
  Pikel (D:7)
  12 orb spiders
  3 deep elf magi
  An oklob plant (Lair:6)
  4 manticores
  9 fauns (Shoals:1)
  5 cyclopes
  13 orc sorcerers
  2 elephants (Lair:6)
  15 wolf spiders
  2 ugly things
  Joseph (D:9)
  2 centaur zombies (D:15)
  4 black mambas
  4 merfolk sirens
  Maurice (D:11)
  Psyche (D:11)
  2 gargoyles
  3 water nymphs
  19 spiny frogs
  4 torpor snails
  A smoke demon (Orc:2)
  2 freezing wraiths
  6 centaur skeletons
  A kobold demonologist (D:15)
  9 komodo dragons
  3 rime drakes
  3 harpy zombies (Shoals:2)
  11 demonic crawlers
  A yaktaur (D:15)
  A hellwing (Orc:2)
  12 merfolk
  3 meliai (D:15)
  7 trolls
  19 jumping spiders
  2 hornets
  3 polar bears
  3 wind drakes (Shoals:1)
  9 hippogriffs
  3 slime creatures (D:13)
  22 blink frogs
  3 snapping turtles (Shoals:1)
  13 dream sheep
  A shadow (D:11)
  A vampire (D:15)
  28 tarantellas
  5 wyverns
  A ynoxinul (Orc:2)
  57 redbacks
  A spriggan (D:7)
  8 wraiths
  26 yaks
  A water elemental (Shoals:1)
  4 steam dragons
  4 basilisks
  3 vampire mosquitoes (D:14)
  2 neqoxecs (Orc:2)
  2 hungry ghosts (D:12)
  Menkaure (D:7)
  Grum (D:10)
  4 acid dragons
  A warg (Orc:2)
  A soldier ant (D:12)
  16 water moccasins
  5 porcupines
  2 ice beasts
  A slave (D:7)
  41 orc warriors
  3 black bears
  A phantom (D:6)
  A sky beast (D:5)
  A necrophage (D:12)
  7 wolves
  15 ogres
  9 centaurs
  A centaur (shapeshifter) (D:15)
  17 crocodiles
  5 big kobolds
  A gnoll sergeant (D:13)
  13 bullfrogs
  3 wyvern skeletons
  8 scorpions
  5 wights (D:12)
  2 howler monkeys
  4 electric eels
  3 crimson imps
  2 bullfrog zombies
  3 quasits
  6 hounds
  6 jellies
  24 orc priests
  2 bullfrog skeletons
  Crazy Yiuf (D:6)
  6 iguanas
  18 orc wizards
  10 worker ants
  A hound zombie (D:7)
  A howler monkey zombie (D:5)
  11 gnolls
  A howler monkey skeleton (D:8)
  11 adders
  3 shadow imps
  An adder skeleton (D:9)
  2 adder zombies
  3 worms
  2 dart slugs (D:2)
  7 leopard geckos
  104 orcs
  4 ball pythons
  A bat zombie (Shoals:2)
  5 giant cockroaches
  5 hobgoblins
  6 jackals (D:8)
  4 quokkas
  11 bats
  5 frilled lizards
  3 goblins
  32 kobolds
  A leopard gecko skeleton (D:7)
  A quokka skeleton (D:6)
  10 rats
  8 plants
  4 tentacles (Shoals:1)
978 creatures vanquished.

Vanquished Creatures (collateral kills)
  An orb spider (Spider:1)
1 creature vanquished.

Vanquished Creatures (others)
  2 centaur warriors
  A faun (Shoals:1)
  2 cyclopes
  A merfolk (Shoals:1)
  4 centaurs
  A kobold (D:12)
  4 fungi
  4 plants
  6 tentacles (Shoals:1)
25 creatures vanquished.

Grand Total: 1004 creatures vanquished

Notes
Turn   | Place    | Note
-------+----------+-------------------------------------------
     0 | D:1      | Thantalas the Gnoll Fighter began the quest for the Orb.
     0 | D:1      | Reached XP level 1. HP: 23/23 MP: 1/1
   106 | D:1      | Reached XP level 2. HP: 29/29 MP: 2/2
   482 | D:1      | Reached XP level 3. HP: 33/35 MP: 3/3
   709 | D:2      | Reached skill level 1 in Invocations
   886 | D:2      | Reached skill level 1 in Short Blades
   886 | D:2      | Reached skill level 1 in Long Blades
   886 | D:2      | Reached skill level 1 in Axes
   886 | D:2      | Reached skill level 1 in Maces & Flails
   886 | D:2      | Reached skill level 1 in Staves
   886 | D:2      | Reached skill level 1 in Slings
   886 | D:2      | Reached skill level 1 in Bows
   886 | D:2      | Reached skill level 1 in Crossbows
   886 | D:2      | Reached skill level 1 in Throwing
   886 | D:2      | Reached skill level 1 in Dodging
   886 | D:2      | Reached skill level 1 in Stealth
   886 | D:2      | Reached skill level 1 in Unarmed Combat
   886 | D:2      | Reached skill level 1 in Spellcasting
   886 | D:2      | Reached skill level 1 in Evocations
   886 | D:2      | Reached XP level 4. HP: 40/41 MP: 5/5
  1211 | D:3      | Reached skill level 1 in Conjurations
  1211 | D:3      | Reached skill level 1 in Hexes
  1211 | D:3      | Reached skill level 1 in Charms
  1211 | D:3      | Reached skill level 1 in Summonings
  1211 | D:3      | Reached skill level 1 in Necromancy
  1211 | D:3      | Reached skill level 1 in Translocations
  1211 | D:3      | Reached skill level 1 in Transmutations
  1211 | D:3      | Reached skill level 1 in Fire Magic
  1211 | D:3      | Reached skill level 1 in Ice Magic
  1211 | D:3      | Reached skill level 1 in Air Magic
  1211 | D:3      | Reached skill level 1 in Earth Magic
  1211 | D:3      | Reached skill level 1 in Poison Magic
  1247 | D:3      | Reached XP level 5. HP: 38/47 MP: 6/6
  1765 | D:3      | Found an iron altar of Okawaru.
  1766 | D:3      | Found a shimmering blue altar of Sif Muna.
  1768 | D:3      | Found a sacrificial altar of Ru.
  1965 | D:4      | Reached XP level 6. HP: 46/53 MP: 8/8
  2328 | D:4      | Found a staircase to the Ecumenical Temple.
  2403 | Temple   | Entered the Ecumenical Temple
  2440 | Temple   | Became a worshipper of Cheibriados the Contemplative
  2604 | D:5      | Entered Level 5 of the Dungeon
  2615 | D:5      | Reached skill level 5 in Polearms
  2915 | D:5      | Reached skill level 5 in Invocations
  2915 | D:5      | Reached XP level 7. HP: 62/62 MP: 9/14
  3000 | D:5      | Reached XP level 8. HP: 52/68 MP: 15/15
  3452 | D:6      | Found a runed translucent door.
  3453 | D:6      | Noticed Crazy Yiuf
  3458 | D:6      | Killed Crazy Yiuf
  3562 | D:6      | Reached skill level 5 in Short Blades
  3562 | D:6      | Reached skill level 5 in Long Blades
  3562 | D:6      | Reached skill level 5 in Axes
  3562 | D:6      | Reached skill level 5 in Maces & Flails
  3562 | D:6      | Reached skill level 5 in Staves
  3562 | D:6      | Reached skill level 5 in Slings
  3562 | D:6      | Reached skill level 5 in Bows
  3562 | D:6      | Reached skill level 5 in Crossbows
  3562 | D:6      | Reached skill level 5 in Throwing
  3562 | D:6      | Reached skill level 5 in Dodging
  3562 | D:6      | Reached skill level 5 in Stealth
  3562 | D:6      | Reached skill level 5 in Unarmed Combat
  3562 | D:6      | Reached skill level 5 in Spellcasting
  3562 | D:6      | Reached skill level 5 in Evocations
  3644 | D:6      | Reached * piety under Cheibriados
  3816 | D:6      | Found a stormy altar of Qazlal.
  4098 | D:7      | Found an ancient bone altar of Kikubaaqudgha.
  4113 | D:7      | Got a steaming ivory ring
  4114 | D:7      | Identified the ring of New Discoveries {+Fly rPois rC+
                  | Int+7 Dex+3} (You found it on level 7 of the Dungeon)
  4187 | D:7      | Noticed Pikel
  4219 | D:7      | Killed Pikel
  4219 | D:7      | Reached XP level 9. HP: 55/75 MP: 16/16
  4437 | D:7      | Noticed Menkaure
  4448 | D:7      | Killed Menkaure
  4811 | D:7      | Noticed Harold
  4853 | D:7      | Killed Harold
  5006 | D:7      | Reached XP level 10. HP: 82/82 MP: 18/18
  5060 | D:7      | Reached ** piety under Cheibriados
  5498 | D:8      | Reached *** piety under Cheibriados
  6079 | D:8      | Noticed a two-headed ogre
  6089 | D:8      | Killed a two-headed ogre
  6089 | D:8      | Reached skill level 5 in Conjurations
  6089 | D:8      | Reached skill level 5 in Hexes
  6089 | D:8      | Reached skill level 5 in Charms
  6089 | D:8      | Reached skill level 5 in Summonings
  6089 | D:8      | Reached skill level 5 in Necromancy
  6089 | D:8      | Reached skill level 5 in Translocations
  6089 | D:8      | Reached skill level 5 in Transmutations
  6089 | D:8      | Reached skill level 5 in Fire Magic
  6089 | D:8      | Reached skill level 5 in Ice Magic
  6089 | D:8      | Reached skill level 5 in Air Magic
  6089 | D:8      | Reached skill level 5 in Earth Magic
  6089 | D:8      | Reached skill level 5 in Poison Magic
  6468 | D:9      | Noticed Joseph
  6480 | D:9      | Killed Joseph
  6482 | D:9      | Reached **** piety under Cheibriados
  6609 | D:9      | Noticed a two-headed ogre
  6611 | D:9      | Found a shimmering altar of Xom.
  6618 | D:9      | Killed a two-headed ogre
  6618 | D:9      | Reached XP level 11. HP: 89/89 MP: 20/20
  6865 | D:10     | Entered Level 10 of the Dungeon
  7320 | D:10     | Found a stormy altar of Qazlal.
  7331 | D:10     | Got a faintly glowing plate armour
  7342 | D:10     | Identified the cursed +1 plate armour of Maima {+Inv rC-
                  | rN+ Stlth+} (You found it on level 10 of the Dungeon)
  7411 | D:10     | You fall into a shaft and drop 1 floor!
  8018 | D:9      | Reached ***** piety under Cheibriados
  8146 | D:10     | Found a staircase to the Orcish Mines.
  8323 | D:11     | Noticed Grum
  8323 | D:11     | Noticed a cyclops
  8408 | D:11     | Killed a cyclops
  8426 | D:10     | Killed Grum
  8619 | D:11     | Noticed a two-headed ogre
  8626 | D:11     | Killed a two-headed ogre
  8712 | D:11     | Noticed Fannar
  8726 | D:11     | Killed Fannar
  8930 | D:11     | Noticed Maurice
  8942 | D:11     | Killed Maurice
  9375 | D:11     | Found a radiant altar of Vehumet.
  9399 | D:11     | Noticed a purple ugly thing
  9413 | D:11     | Killed a purple ugly thing
  9421 | D:11     | Found a staircase to the Lair.
  9421 | D:11     | Noticed Psyche
  9430 | D:11     | Noticed a death yak
  9441 | D:11     | Killed Psyche
  9441 | D:11     | Reached XP level 12. HP: 97/97 MP: 22/22
  9454 | D:11     | Killed a death yak
  9835 | Lair:1   | Entered Level 1 of the Lair of Beasts
 10022 | Lair:1   | Learned a level 5 spell: Borgnjor's Vile Clutch
 10511 | Lair:2   | Noticed an eight-headed hydra
 10526 | Lair:2   | Killed an eight-headed hydra
 10559 | Lair:2   | Noticed a six-headed hydra
 10566 | Lair:2   | Killed a six-headed hydra
 10566 | Lair:2   | Reached skill level 10 in Fighting
 10566 | Lair:2   | Reached skill level 10 in Armour
 10566 | Lair:2   | Reached skill level 10 in Shields
 11052 | Lair:2   | Found a stormy altar of Qazlal.
 11753 | Lair:2   | Reached ****** piety under Cheibriados
 11859 | Lair:3   | Found a hole to the Spider Nest.
 11880 | Lair:3   | Reached XP level 13. HP: 98/103 MP: 24/24
 12600 | Lair:3   | Found a staircase to the Shoals.
 12687 | Lair:3   | Learned a level 3 spell: Mephitic Cloud
 12690 | Lair:3   | Learned a level 2 spell: Blink
 13337 | Lair:4   | Got a pair of heavily runed gloves
 13343 | Lair:4   | Identified the +0 pair of gloves "Tecixuopp" {rF++ MR+
                  | Int-5} (You found it on level 4 of the Lair of Beasts)
 14622 | Lair:5   | Found a viscous altar of Jiyva.
 14622 | Lair:5   | Found a staircase to the Slime Pits.
 14863 | Lair:6   | Entered Level 6 of the Lair of Beasts
 15148 | Lair:6   | Reached XP level 14. HP: 104/111 MP: 26/26
 15353 | Lair:6   | Reached skill level 10 in Polearms
 15867 | Lair:6   | Learned a level 3 spell: Conjure Flame
 16279 | Lair:6   | Noticed a dire elephant
 16296 | Lair:6   | Killed a dire elephant
 16491 | Lair:6   | Reached skill level 10 in Invocations
 16845 | D:12     | Found Jiebue Hise's Weapon Shoppe.
 16862 | D:12     | Found Ubaoges's Food Shoppe.
 16929 | D:12     | Found Ulyquthry's Magic Scroll Emporium.
 16935 | D:12     | Bought a scroll of enchant armour for 97 gold pieces
 16935 | D:12     | Bought a scroll of magic mapping for 45 gold pieces
 16935 | D:12     | Bought a scroll of blinking for 97 gold pieces
 17034 | D:12     | Learned a level 4 spell: Olgreb's Toxic Radiance
 17080 | D:12     | Found Kuisisuz's Antique Armour Boutique.
 17118 | D:12     | Noticed Josephine
 17125 | D:12     | Killed Josephine
 17202 | D:12     | Found a blossoming altar of Fedhas.
 17312 | D:12     | Found Cam Kaeh's Weapon Shoppe.
 17320 | D:12     | Bought a +3 demon blade of electrocution for 599 gold
                  | pieces
 17358 | D:12     | Noticed Urug
 17376 | D:12     | Killed Urug
 17597 | Orc:1    | Entered Level 1 of the Orcish Mines
 17709 | Orc:1    | Found Bonyts's Armour Shoppe.
 17781 | Orc:1    | Noticed a stone giant
 17788 | Orc:1    | Killed a stone giant
 17894 | Orc:2    | Entered Level 2 of the Orcish Mines
 17980 | Orc:2    | Found a staircase to the Elven Halls.
 18286 | Orc:2    | Found Zinemom's Food Shoppe.
 18293 | Orc:2    | Found Utinaz's Food Emporium.
 18461 | Orc:2    | Reached XP level 15. HP: 60/119 MP: 15/28
 18748 | Orc:2    | Gained mutation: You do not regenerate when monsters are
                  | visible. [a neqoxec]
 18750 | Orc:2    | Gained mutation: Scrolls take you a little longer to read.
                  | [a neqoxec]
 18819 | Orc:2    | Paralysed by an orc sorcerer for 2 turns
 18896 | Orc:2    | Lost mutation: Scrolls take you a little longer to read.
                  | [potion of mutation]
 18896 | Orc:2    | Lost mutation: You do not regenerate when monsters are
                  | visible. [potion of mutation]
 18896 | Orc:2    | Gained mutation: You are somewhat resistant to further
                  | mutation. [potion of mutation]
 18896 | Orc:2    | Gained mutation: You have an increased reservoir of magic.
                  | (+10% MP) [potion of mutation]
 19363 | Orc:2    | Found Liamecarch's Gadget Shop.
 19363 | Orc:2    | Found a one-way gate leading to the halls of Pandemonium.
 19363 | Orc:2    | Found Tine Bir's Antique Weapon Boutique.
 19375 | Orc:2    | Noticed an orc warlord
 19381 | Orc:2    | Killed an orc warlord
 19760 | Orc:2    | Reached skill level 10 in Short Blades
 19760 | Orc:2    | Reached skill level 10 in Long Blades
 19760 | Orc:2    | Reached skill level 10 in Axes
 19760 | Orc:2    | Reached skill level 10 in Maces & Flails
 19760 | Orc:2    | Reached skill level 10 in Staves
 19760 | Orc:2    | Reached skill level 10 in Slings
 19760 | Orc:2    | Reached skill level 10 in Bows
 19760 | Orc:2    | Reached skill level 10 in Crossbows
 19760 | Orc:2    | Reached skill level 10 in Throwing
 19760 | Orc:2    | Reached skill level 10 in Dodging
 19760 | Orc:2    | Reached skill level 10 in Stealth
 19760 | Orc:2    | Reached skill level 10 in Unarmed Combat
 19760 | Orc:2    | Reached skill level 10 in Spellcasting
 19760 | Orc:2    | Reached skill level 10 in Evocations
 21464 | D:14     | Found a gate to the Vaults.
 21871 | D:15     | Entered Level 15 of the Dungeon
 21925 | D:15     | Reached XP level 16. HP: 127/127 MP: 33/33
 22591 | D:15     | Found a staircase to the Depths.
 23142 | Spider:1 | Entered Level 1 of the Spider Nest
 23701 | D:12     | Bought the +4 skin of Zhor {Hibernate rC+++ SInv} for 1330
                  | gold pieces
 23701 | D:12     | Found the +4 skin of Zhor {Hibernate rC+++ SInv}
 24006 | Spider:1 | You fall into a shaft and drop 1 floor!
 25195 | Spider:2 | Reached XP level 17. HP: 100/135 MP: 35/35
 26092 | Spider:3 | Noticed Arachne
 26119 | Spider:3 | Killed Arachne
 26765 | Spider:3 | Noticed Agnes
 26770 | Spider:3 | Killed Agnes
 26969 | Shoals:1 | Entered Level 1 of the Shoals
 27410 | Shoals:1 | Noticed a kraken
 27420 | Shoals:1 | Killed a kraken
 27864 | Shoals:1 | Found Zaprub's Weapon Emporium.
 28358 | Shoals:2 | Noticed Polyphemus
 28372 | Shoals:2 | Reached skill level 10 in Conjurations
 28372 | Shoals:2 | Reached skill level 10 in Hexes
 28372 | Shoals:2 | Reached skill level 10 in Charms
 28372 | Shoals:2 | Reached skill level 10 in Summonings
 28372 | Shoals:2 | Reached skill level 10 in Necromancy
 28372 | Shoals:2 | Reached skill level 10 in Translocations
 28372 | Shoals:2 | Reached skill level 10 in Transmutations
 28372 | Shoals:2 | Reached skill level 10 in Fire Magic
 28372 | Shoals:2 | Reached skill level 10 in Ice Magic
 28372 | Shoals:2 | Reached skill level 10 in Air Magic
 28372 | Shoals:2 | Reached skill level 10 in Earth Magic
 28372 | Shoals:2 | Reached skill level 10 in Poison Magic
 28379 | Shoals:2 | HP: 2/204 [Polyphemus (11)]
 28380 | Shoals:2 | Slain by Polyphemus

Levels and vault maps discovered:
D:1:      shiori_shiawase, layout_basic
D:2:      layout_rooms
D:3:      layout_basic, chequers_temple_overflow_statue_of_worship
D:4:      layout_cave_pools, temple_hall
D:5:      layout_gridville, first_ration
D:6:      layout_loops_corners, grunt_qazlal_clouds, uniq_crazy_yiuf_cottage
D:7:      layout_basic, kiku_gazebo_garden_becter, the_bakery,
          hangedman_decor_push, minmay_fractal_squares_gapless_5, uniq_harold,
          uniq_pikel, uniq_menkaure
D:8:      layout_layer_cave, hangedman_abyss_or_decor_lesser_grid
D:9:      layout_rooms, xom_teletrap_fun, uniq_joseph
D:10:     layout_stronghold, david_orc_4, basic_altar
D:11:     layout_loops_ring, david_lair_generic, basic_altar, uniq_maurice,
          uniq_psyche, uniq_fannar, uniq_grum
D:12:     layout_small_grid, serial_shops, shop,
          nicolae_shop_temple_entry_statues_fountains, shop, shop, shop,
          tgw_fedhas, uniq_josephine, uniq_urug
D:13:     layout_basic, serial_glass, glass_columns_c, glass_columns_a,
          glass_columns_a, glass_columns_a, glass_columns_b
D:14:     layout_basic, skrybe_vaults_entry_preservation, minmay_splitting_lines
D:15:     hangedman_depths_entry_civil_slaughter, layout_irregular_city
Temple:   minmay_crystal_spiral_temple
Lair:1:   layout_chaotic_city, minivault_19, columned_hall_lemuel,
          nicolae_quartered_pool_super
Lair:2:   layout_long_grid, basic_altar, chequers_serial_rivers_small_b
Lair:3:   layout_layer_cave, minmay_shoals_entry_lonely_mermaid,
          spider_nest_entry_rubble, serial_bayou_lagoon_b,
          minmay_lair_oklob_chamber
Lair:4:   layout_regular_city, grunt_megastairs_5
Lair:5:   layout_gridlike, slime_altar_1, grunt_megastairs_1
Lair:6:   hangedman_lair_in_review, layout_small_grid, guppyfry_lair_end_dragon,
          serial_bayou_pond_a
Shoals:1: layout_shoals, serial_shops, shop
Shoals:2: layout_shoals, serial_shops, shop_statue, nicolae_shoals_undead_eyrie,
          uniq_polyphemus, uniq_ilsuiw, uniq_frances
Spider:1: layout_spider_delve
Spider:2: layout_spider_delve
Spider:3: layout_spider_delve, uniq_arachne, uniq_agnes
Orc:1:    layout_diamond_mine, serial_shops, shop
Orc:2:    pf_orc_diabolical, layout_diamond_mine, nicolae_orc_lava_tube

Skill      XL: |  1  2  3  4  5  6  7  8  9 10 11 12 13 14 15 16 17 |
---------------+----------------------------------------------------+-----
Invocations    | 1 5 6 7 8 9 10 11 12 | 12.6
Short Blades   | 1 4 5 6 7 8 9 10 11 | 11.6
Long Blades    | 1 4 5 6 7 8 9 10 11 | 11.6
Axes           | 1 4 5 6 7 8 9 10 11 | 11.6
Maces & Flails | 1 4 5 6 7 8 9 10 11 | 11.6
Staves         | 1 4 5 6 7 8 9 10 11 | 11.6
Slings         | 1 4 5 6 7 8 9 10 11 | 11.6
Bows           | 1 4 5 6 7 8 9 10 11 | 11.6
Crossbows      | 1 4 5 6 7 8 9 10 11 | 11.6
Throwing       | 1 4 5 6 7 8 9 10 11 | 11.6
Dodging        | 1 4 5 6 7 8 9 10 11 | 11.6
Stealth        | 1 4 5 6 7 8 9 10 11 | 11.6
Unarmed Combat | 1 4 5 6 7 8 9 10 11 | 11.6
Spellcasting   | 1 4 5 6 7 8 9 10 11 | 11.6
Evocations     | 1 4 5 6 7 8 9 10 11 | 11.6
Conjurations   | 1 4 5 6 7 8 9 10 | 10.0
Hexes          | 1 4 5 6 7 8 9 10 | 10.0
Charms         | 1 4 5 6 7 8 9 10 | 10.0
Summonings     | 1 4 5 6 7 8 9 10 | 10.0
Necromancy     | 1 4 5 6 7 8 9 10 | 10.0
Translocations | 1 4 5 6 7 8 9 10 | 10.0
Transmutations | 1 4 5 6 7 8 9 10 | 10.0
Fire Magic     | 1 4 5 6 7 8 9 10 | 10.0
Ice Magic      | 1 4 5 6 7 8 9 10 | 10.0
Air Magic      | 1 4 5 6 7 8 9 10 | 10.0
Earth Magic    | 1 4 5 6 7 8 9 10 | 10.0
Poison Magic   | 1 4 5 6 7 8 9 10 | 10.0
Polearms       | 6 7 8 9 10 11 12 | 12.4
Fighting       | 8 9 10 11 12 13 | 13.1
Armour         | 8 9 10 11 12 13 | 13.1
Shields        | 8 9 10 11 12 13 | 13.1

Action                   |  1- 3 |  4- 6 |  7- 9 | 10-12 | 13-15 | 16-18 || total
-------------------------+-------+-------+-------+-------+-------+-------++-------
Melee: Trident           |   102 |   128 |   187 |    53 |     6 |       ||   476
       Bite              |     3 |    26 |    45 |   181 |   265 |   158 ||   678
       Short sword       |       |    75 |       |       |       |       ||    75
       Whip              |       |       |    90 |   102 |       |       ||   192
       Flail             |       |       |       |   663 |   351 |       ||  1014
       Spear             |       |       |       |       |   296 |       ||   296
       Demon blade       |       |       |       |       |   490 |   590 ||  1080
       Long sword        |       |       |       |       |    74 |       ||    74
Throw: Javelin           |       |       |       |       |     4 |     8 ||    12
 Cast: Mephitic Cloud    |       |       |       |       |    44 |     5 ||    49
       Olgreb's Toxic Ra |       |       |       |       |    15 |     7 ||    22
       Borgnjor's Vile C |       |       |       |       |     3 |    28 ||    31
Invok: Slouch            |       |       |       |       |       |     3 ||     3
Evoke: Wand              |       |       |       |     9 |    11 |     2 ||    22
       Phantom mirror    |       |       |       |       |     1 |       ||     1
  Use: Scroll            |       |    15 |     4 |    11 |     7 |     8 ||    45
       Potion            |       |     1 |     5 |     3 |     8 |    13 ||    30
 Stab: Invisible         |       |       |     9 |       |    12 |       ||    21
       Paralysed         |       |       |       |    21 |       |       ||    21
       Distracted        |       |       |       |     2 |     4 |     1 ||     7
       Sleeping          |       |       |       |     1 |     4 |     7 ||    12
       Confused          |       |       |       |       |    55 |     1 ||    56
  Eat: Chunk             |       |     7 |     5 |    13 |    15 |     9 ||    49
       Ration            |       |       |       |       |     2 |     1 ||     3
Armor: Scale mail        |    27 |    17 |       |       |       |       ||    44
       Chain mail        |       |    34 |    84 |    25 |       |       ||   143
       Plate armour      |       |       |       |   194 |   210 |    82 ||   486
       Skin              |       |       |       |    42 |       |    30 ||    72
       Animal skin       |       |       |       |       |       |    52 ||    52
Dodge: Dodged            |    23 |    36 |    58 |   298 |   501 |   519 ||  1435
Block: Shield            |    47 |   108 |   141 |   823 |   961 |   737 ||  2817
       Reflection        |       |       |     4 |    20 |    39 |    34 ||    97
       Rpst.: Demon blade |       |       |       |       |    49 |    99 ||   148
       Long sword        |       |       |       |       |     5 |       ||     5
